TOP OF THE 1ST |
El Paso Chihuahuas batting - Pitching for Louisville Bats : LHP Ed Chavez
|
Pitching: LHP Ed Chavez
|
|
Batting: RHB Roberto Lemus
|
0-0: Fly out, F6 (Popup, 6MS, EV 75.6 MPH)
|
Batting: RHB Andy Sheridan
|
0-0: Swinging Strike 0-1: Ball 1-1: Ball 2-1: Ball 3-1: Base on Balls
|
Batting: RHB Chase Briney
|
0-0: Called Strike 0-1: Ball 1-1: Ball 2-1: Ball 3-1: Swinging Strike 3-2: Base on Balls Andy Sheridan to second
|
Batting: RHB Eric Sandell
|
0-0: Ball 1-0: DOUBLE (Line Drive, 9LM, EV 108.1 MPH) Andy Sheridan scores Chase Briney to third
|
Batting: RHB Kiril Emeshin
|
0-0: Ground out U3 (Groundball, 34, EV 105.6 MPH) Chase Briney scores Eric Sandell to third
|
Batting: RHB Matt Fabre
|
0-0: Ball 1-0: SINGLE (Flyball, 78M, EV 86.2 MPH) Eric Sandell scores
|
Batting: RHB Lamberto Amicis
|
0-0: Ball 1-0: Ball 2-0: Swinging Strike 2-1: Foul Ball, location: 2F 2-2: Strikes out swinging
|
Top of the 1st over - 3 runs, 2 hits, 0 errors, 1 left on base; El Paso 3 - Louisville 0 |
BOTTOM OF THE 1ST |
Louisville Bats batting - Pitching for El Paso Chihuahuas : LHP Jim Turan
|
Pitching: LHP Jim Turan
|
|
Batting: SHB Paul Sandoval
|
0-0: Foul Ball, location: 2F 0-1: Ball 1-1: Foul Ball, location: 2F 1-2: Ball 2-2: Foul Ball, location: 2F 2-2: Ground out 4-3 (Groundball, 4, EV 103.1 MPH)
|
Batting: RHB Bruno André
|
0-0: Foul Ball, location: 2F 0-1: Ball 1-1: Ball 2-1: Ball 3-1: Foul Ball, location: 2F 3-2: Ground out 6-3 (Groundball, 6, EV 81.2 MPH)
|
Batting: RHB Fred Slade
|
0-0: Ball 1-0: Swinging Strike 1-1: Ground out 5-3 (Groundball, 56, EV 105.0 MPH)
|
Bottom of the 1st over - 0 runs, 0 hits, 0 errors, 0 left on base; El Paso 3 - Louisville 0 |
TOP OF THE 2ND |
El Paso Chihuahuas batting - Pitching for Louisville Bats : LHP Ed Chavez
|
Batting: RHB Ryan Tatum
|
0-0: Ball 1-0: Ball 2-0: Ball 3-0: Called Strike 3-1: Foul Ball, location: 2F 3-2: Ground out U3 (Groundball, 3S, EV 58.1 MPH)
|
Batting: RHB Brian DeVoe
|
0-0: Called Strike 0-1: Swinging Strike 0-2: DOUBLE (Line Drive, 9LS, EV 113.1 MPH)
|
Batting: RHB Roberto Lemus
|
0-0: Called Strike 0-1: Swinging Strike 0-2: Strikes out looking
|
Batting: RHB Andy Sheridan
|
0-0: Called Strike 0-1: Foul Ball, location: 2F 0-2: Ball 1-2: Ball 2-2: Ball 3-2: Foul Ball, location: 2F 3-2: Base on Balls
|
Batting: RHB Chase Briney
|
0-0: Ball 1-0: Foul Ball, location: 2F 1-1: Ball 2-1: Fielders Choice at 2nd, 6-4 (Groundball, 6, EV 83.1 MPH)
|
Top of the 2nd over - 0 runs, 1 hit, 0 errors, 2 left on base; El Paso 3 - Louisville 0 |
BOTTOM OF THE 2ND |
Louisville Bats batting - Pitching for El Paso Chihuahuas : LHP Jim Turan
|
Batting: SHB Freddie Farrar
|
0-0: Called Strike 0-1: Foul Ball, location: 2F 0-2: Strikes out looking
|
Batting: RHB Won-jun Park
|
0-0: Called Strike 0-1: Ball 1-1: Foul Ball, location: 2F 1-2: Ball 2-2: Strikes out swinging
|
Batting: RHB Pedro Pinero
|
0-0: Ball 1-0: Ball 2-0: Called Strike 2-1: Swinging Strike 2-2: Foul Ball, location: 2F 2-2: Ground out 5-3 (Groundball, 56, EV 80.0 MPH)
|
Bottom of the 2nd over - 0 runs, 0 hits, 0 errors, 0 left on base; El Paso 3 - Louisville 0 |
TOP OF THE 3RD |
El Paso Chihuahuas batting - Pitching for Louisville Bats : LHP Ed Chavez
|
Batting: RHB Eric Sandell
|
0-0: Foul Ball, location: 2F 0-1: Swinging Strike 0-2: Ball 1-2: Ball 2-2: Foul Ball, location: 2F 2-2: SINGLE (Groundball, 4MD, EV 97.5 MPH)
|
Batting: RHB Kiril Emeshin
|
0-0: Ball 1-0: Ball 2-0: Called Strike 2-1: Foul Ball, location: 2F 2-2: Strikes out swinging
|
Batting: RHB Matt Fabre
|
0-0: Swinging Strike 0-1: Ball 1-1: Swinging Strike 1-2: Foul Ball, location: 2F 1-2: Strikes out swinging
|
Batting: RHB Lamberto Amicis
|
0-0: Ball 1-0: Called Strike 1-1: Ball 2-1: SINGLE (Flyball, 9S, EV 94.4 MPH) Eric Sandell to second
|
Batting: RHB Ryan Tatum
|
0-0: Ball 1-0: Ball 2-0: Swinging Strike 2-1: Called Strike 2-2: Foul Ball, location: 2F 2-2: Strikes out swinging
|
Top of the 3rd over - 0 runs, 2 hits, 0 errors, 2 left on base; El Paso 3 - Louisville 0 |
BOTTOM OF THE 3RD |
Louisville Bats batting - Pitching for El Paso Chihuahuas : LHP Jim Turan
|
Batting: RHB Colin Lord
|
0-0: SINGLE (Groundball, 6MD, EV 96.2 MPH)
|
Batting: LHB Satoru Handa
|
0-0: Ball 1-0: Fielders Choice at 2nd, 3-6 (Groundball, 3, EV 81.9 MPH)
|
Batting: RHB Jay Jacobson
|
0-0: Fielders Choice at 2nd, 6-4 (Groundball, 6MD, EV 91.2 MPH)
|
Batting: SHB Paul Sandoval
|
0-0: Called Strike 0-1: Swinging Strike 0-2: Strikes out looking
|
Bottom of the 3rd over - 0 runs, 1 hit, 0 errors, 1 left on base; El Paso 3 - Louisville 0 |
TOP OF THE 4TH |
El Paso Chihuahuas batting - Pitching for Louisville Bats : LHP Ed Chavez
|
Batting: RHB Brian DeVoe
|
0-0: Called Strike 0-1: Ball 1-1: Ball 2-1: Called Strike 2-2: Foul Ball, location: 2F 2-2: Strikes out swinging
|
Batting: RHB Roberto Lemus
|
0-0: Ground out 6-3 (Groundball, 6S, EV 86.2 MPH)
|
Batting: RHB Andy Sheridan
|
0-0: Called Strike 0-1: Called Strike 0-2: Ball 1-2: Foul Ball, location: 2F 1-2: Ground out 4-3 (Groundball, 4, EV 108.8 MPH)
|
Top of the 4th over - 0 runs, 0 hits, 0 errors, 0 left on base; El Paso 3 - Louisville 0 |
BOTTOM OF THE 4TH |
Louisville Bats batting - Pitching for El Paso Chihuahuas : LHP Jim Turan
|
Batting: RHB Bruno André
|
0-0: Foul Ball, location: 2F 0-1: Swinging Strike 0-2: Foul Ball, location: 2F 0-2: Strikes out swinging
|
Batting: RHB Fred Slade
|
0-0: Ball 1-0: Called Strike 1-1: Foul Ball, location: 2F 1-2: Foul Ball, location: 2F 1-2: Strikes out swinging
|
Batting: SHB Freddie Farrar
|
0-0: Foul Ball, location: 2F 0-1: Ball 1-1: Ground out 4-3 (Groundball, 4S, EV 83.8 MPH)
|
Bottom of the 4th over - 0 runs, 0 hits, 0 errors, 0 left on base; El Paso 3 - Louisville 0 |
TOP OF THE 5TH |
El Paso Chihuahuas batting - Pitching for Louisville Bats : LHP Ed Chavez
|
Batting: RHB Chase Briney
|
0-0: Foul Ball, location: 2F 0-1: Foul Ball, location: 2F 0-2: Strikes out swinging
|
Batting: RHB Eric Sandell
|
0-0: SINGLE (Flyball, 9LM, EV 95.6 MPH) - OUT at second base trying to stretch hit.
|
Batting: RHB Kiril Emeshin
|
0-0: Ball 1-0: Fly out, F9 (Flyball, 9, EV 85.6 MPH)
|
Top of the 5th over - 0 runs, 1 hit, 0 errors, 0 left on base; El Paso 3 - Louisville 0 |
BOTTOM OF THE 5TH |
Louisville Bats batting - Pitching for El Paso Chihuahuas : LHP Jim Turan
|
Batting: RHB Won-jun Park
|
0-0: Ball 1-0: Called Strike 1-1: Ball 2-1: Called Strike 2-2: Ball 3-2: Strikes out swinging
|
Batting: RHB Pedro Pinero
|
0-0: Fly out, F8 (Flyball, 8RXD, EV 88.8 MPH)
|
Batting: RHB Colin Lord
|
0-0: Fly out, F6 (Flyball, 56D, EV 86.9 MPH)
|
Bottom of the 5th over - 0 runs, 0 hits, 0 errors, 0 left on base; El Paso 3 - Louisville 0 |
TOP OF THE 6TH |
El Paso Chihuahuas batting - Pitching for Louisville Bats : LHP Ed Chavez
|
Batting: RHB Matt Fabre
|
0-0: Ball 1-0: Ball 2-0: DOUBLE (Flyball, 8RXD, EV 106.2 MPH)
|
Batting: RHB Lamberto Amicis
|
0-0: Called Strike 0-1: Foul Ball, location: 2F 0-2: Strikes out swinging
|
Batting: RHB Ryan Tatum
|
0-0: Intentional Walk
|
Batting: RHB Brian DeVoe
|
0-0: Ball 1-0: Ball 2-0: Ground out 6-3 (Groundball, 6M, EV 86.2 MPH) Matt Fabre to third Ryan Tatum to second
|
Batting: RHB Roberto Lemus
|
0-0: Ball 1-0: Called Strike 1-1: Ground out 3-1 (Groundball, 34S, EV 85.0 MPH)
|
Top of the 6th over - 0 runs, 1 hit, 0 errors, 2 left on base; El Paso 3 - Louisville 0 |
BOTTOM OF THE 6TH |
Louisville Bats batting - Pitching for El Paso Chihuahuas : LHP Jim Turan
|
Batting: LHB Satoru Handa
|
0-0: Ball 1-0: Fly out, F8 (Line Drive, 78M, EV 90.6 MPH)
|
Batting: RHB Jay Jacobson
|
0-0: Called Strike 0-1: Ball 1-1: Foul Ball, location: 2F 1-2: Ball 2-2: Strikes out looking
|
Batting: SHB Paul Sandoval
|
0-0: Ball 1-0: Foul Ball, location: 2F 1-1: Ball 2-1: Foul Ball, location: 2F 2-2: Strikes out swinging
|
Bottom of the 6th over - 0 runs, 0 hits, 0 errors, 0 left on base; El Paso 3 - Louisville 0 |
TOP OF THE 7TH |
El Paso Chihuahuas batting - Pitching for Louisville Bats : LHP Ed Chavez
|
Pitching: RHP Tim Beck
|
|
Batting: RHB Andy Sheridan
|
0-0: Called Strike 0-1: Ball 1-1: DOUBLE (Groundball, 5L, EV 101.9 MPH)
|
Batting: RHB Chase Briney
|
0-0: Called Strike 0-1: Swinging Strike 0-2: Foul Ball, location: 2F 0-2: DOUBLE (Flyball, 8LXD, EV 100.0 MPH) Andy Sheridan scores
|
Batting: RHB Eric Sandell
|
0-0: Ball 1-0: Called Strike 1-1: Swinging Strike 1-2: Ball 2-2: Strikes out swinging
|
Batting: RHB Kiril Emeshin
|
0-0: Called Strike 0-1: Called Strike 0-2: Foul Ball, location: 2F 0-2: Foul Ball, location: 2F 0-2: Foul Ball, location: 2F 0-2: Foul Ball, location: 2F 0-2: Ball 1-2: Ball 2-2: Ground out U3 (Groundball, 34, EV 99.4 MPH) Chase Briney to third
|
Batting: RHB Matt Fabre
|
0-0: Ball 1-0: Fly out, F9 (Flyball, 9, EV 89.4 MPH)
|
Top of the 7th over - 1 run, 2 hits, 0 errors, 1 left on base; El Paso 4 - Louisville 0 |
BOTTOM OF THE 7TH |
Louisville Bats batting - Pitching for El Paso Chihuahuas : LHP Jim Turan
|
Batting: RHB Bruno André
|
0-0: Ball 1-0: Ball 2-0: Ball 3-0: Base on Balls
|
Batting: RHB Fred Slade
|
0-0: Called Strike 0-1: Ball 1-1: Ball 2-1: Grounds into double play, 5-4-3 (Groundball, 56, EV 107.5 MPH)
|
Batting: SHB Freddie Farrar
|
0-0: Ball 1-0: Called Strike 1-1: Called Strike 1-2: Fly out, F6 (Flyball, 6D, EV 92.5 MPH)
|
Bottom of the 7th over - 0 runs, 0 hits, 0 errors, 0 left on base; El Paso 4 - Louisville 0 |
TOP OF THE 8TH |
El Paso Chihuahuas batting - Pitching for Louisville Bats : RHP Tim Beck
|
Pitching: RHP Joaquin Villalobos
|
|
Batting: RHB Lamberto Amicis
|
0-0: SINGLE (Groundball, 56D, EV 95.6 MPH)
|
Batting: RHB Ryan Tatum
|
0-0: Ball 1-0: Ball 2-0: Foul Ball, location: 2F 2-1: Foul Ball, location: 2F 2-2: Ball 3-2: Fly out, F8 (Flyball, 89M, EV 80.0 MPH)
|
Batting: RHB Brian DeVoe
|
0-0: Called Strike Lamberto Amicis is caught stealing 2nd base 2-4 0-1: Foul Ball, location: 2F 0-2: Foul Ball, location: 2F 0-2: Ball 1-2: Ball 2-2: Foul Ball, location: 2F 2-2: Fly out, F9 (Flyball, 9, EV 93.1 MPH)
|
Top of the 8th over - 0 runs, 1 hit, 0 errors, 0 left on base; El Paso 4 - Louisville 0 |
BOTTOM OF THE 8TH |
Louisville Bats batting - Pitching for El Paso Chihuahuas : LHP Jim Turan
|
Batting: RHB Won-jun Park
|
0-0: Called Strike 0-1: Foul Ball, location: 2F 0-2: Strikes out looking
|
Batting: RHB Pedro Pinero
|
0-0: Ground out 4-3 (Groundball, 4MD, EV 86.2 MPH)
|
Batting: RHB Colin Lord
|
0-0: Called Strike 0-1: Swinging Strike 0-2: Strikes out looking
|
Bottom of the 8th over - 0 runs, 0 hits, 0 errors, 0 left on base; El Paso 4 - Louisville 0 |
TOP OF THE 9TH |
El Paso Chihuahuas batting - Pitching for Louisville Bats : RHP Joaquin Villalobos
|
Batting: RHB Roberto Lemus
|
0-0: Ball 1-0: Swinging Strike 1-1: Swinging Strike 1-2: Ball 2-2: Ball 3-2: Foul Ball, location: 2F 3-2: Ground out 6-3 (Groundball, 6M, EV 96.2 MPH)
|
Batting: RHB Andy Sheridan
|
0-0: Foul Ball, location: 2F 0-1: Ball 1-1: Foul Ball, location: 2F 1-2: Fly out, F8 (Line Drive, 78S, EV 96.2 MPH)
|
Batting: RHB Chase Briney
|
0-0: Fly out, F9 (Flyball, 9LM, EV 90.0 MPH)
|
Top of the 9th over - 0 runs, 0 hits, 0 errors, 0 left on base; El Paso 4 - Louisville 0 |
BOTTOM OF THE 9TH |
Louisville Bats batting - Pitching for El Paso Chihuahuas : LHP Jim Turan
|
Batting: LHB Satoru Handa
|
0-0: TRIPLE (Flyball, 9D, EV 110.0 MPH)
|
Batting: RHB Jay Jacobson
|
0-0: Ball 1-0: Ball 2-0: Ball 3-0: Called Strike 3-1: Ground out 5-3 (Groundball, 56, EV 85.0 MPH) Satoru Handa scores
|
Batting: SHB Paul Sandoval
|
0-0: Ball 1-0: Ball 2-0: Ball 3-0: Called Strike 3-1: Foul Ball, location: 2F 3-2: Base on Balls
|
Pitching: RHP Ching Ge
|
|
Batting: RHB Bruno André
|
0-0: Called Strike 0-1: Ball 1-1: Called Strike 1-2: Foul Ball, location: 2F 1-2: Fly out, F8 (Flyball, 8RS, EV 88.8 MPH)
|
Batting: RHB Fred Slade
|
0-0: Ball 1-0: Called Strike 1-1: Called Strike 1-2: Ball 2-2: Ball 3-2: Strikes out swinging
|
Bottom of the 9th over - 1 run, 1 hit, 0 errors, 1 left on base; El Paso 4 - Louisville 1 |
|